 Dungeon Crawl Stone Soup version 0.17.0-24-gcfadda4 (webtiles) character file.

72 septik the Digger (level 4, 0/24 HPs)
             Began as a Gargoyle Earth Elementalist on Nov 16, 2015.
             Slain by a gnoll
             ... wielding a +0 club
              (1 damage)
             ... on level 2 of the Dungeon.
             The game lasted 00:09:13 (1976 turns).

septik the Digger (Gargoyle Earth Elementalist)     Turns: 1976, Time: 00:09:14

Health: 0/24       AC:  5    Str: 11    XL:     4   Next: 26%
Magic:  1/8        EV: 12    Int: 17    God:
Gold:   128        SH:  0    Dex: 10    Spells: 3 memorised, 3 levels left

rFire  . . .     SeeInvis .     b - 67 stones
rCold  . . .     Clarity  .     g - +0 robe
rNeg   + . .     SustAt   .     (no shield)
rPois  ∞         Gourm    .     (no helmet)
rElec  +         Spirit   .     (no cloak)
rCorr  .         Warding  .     (no gloves)
rMut   .         Stasis   .     (no boots)
MR     .....                    (no amulet)
Stlth  ++........               (no ring)
                                (no ring)

@: not resistant to hostile enchantments, unstealthy
A: negative energy resistance 1, electricity resistance, unbreathing,
petrification resistance, rot immunity, AC +3
a: no special abilities


You were on level 2 of the Dungeon.
You were hungry.

You visited 1 branch of the dungeon, and saw 2 of its levels.

You collected 128 gold pieces.

Inventory:

Hand Weapons
 a - a +0 club
Missiles
 b - 67 stones (in hand)
Armour
 g - a +0 robe (worn)
 h - a +0 robe
Jewellery
 m - an uncursed ring of protection from cold {unknown}
Scrolls
 e - 2 scrolls of identify {unknown}
 f - a scroll of immolation {unknown}
 i - a scroll of amnesia {unknown}
 k - 2 scrolls of random uselessness {unknown}
 n - 3 scrolls of remove curse {unknown}
 o - a scroll of enchant weapon {unknown}
 p - a scroll of magic mapping {unknown}
 q - a scroll of teleportation {unknown}
Potions
 l - a potion of brilliance {unknown}
 r - a potion of curing {unknown}
Books
 c - a book of Geomancy

   Spells                             Type                      Level
   a - Sandblast                      Earth                        1
   b - Stoneskin                      Transmutation/Earth          2
   c - Passwall                       Transmutation/Earth          3
   d - Stone Arrow                    Conjuration/Earth            3
   e - Petrify                        Transmutation/Earth          4
   f - Lee's Rapid Deconstruction     Earth                        5
Comestibles
 d - 3 bread rations


   Skills:
 - Level 1.5 Dodging
 - Level 2.1 Stealth
 * Level 3.3 Spellcasting
 + Level 0.7 Conjurations
 - Level 0.7 Transmutations
 + Level 4.6 Earth Magic


You had 3 spell levels left.
You knew the following spells:

 Your Spells              Type           Power        Failure   Level  Hunger
a - Sandblast             Erth           ###...       2%          1    None
b - Stoneskin             Trmt/Erth      ##......     10%         2    ##.....
c - Stone Arrow           Conj/Erth      ##....       17%         3    ###....


Dungeon Overview and Level Annotations

Branches:
Dungeon (2/15)

Altars:


Innate Abilities, Weirdness & Mutations

You are resistant to torment.
Your stone body is resilient (AC +3).
You are immune to poison.
You resist negative energy.
You are resistant to electric shocks.
You can survive without breathing.
You are immune to petrification.
You are immune to rotting.


Message History

The gnoll completely misses you. The gnoll hits you with a club.
Casting: Sandblast
Confirm with . or Enter, or press ? or * to list all spells.
Aiming: Sandblast
Press: ? - help, Shift-Dir - straight line, f - gnoll
Aim: a gnoll, wielding a club (severely wounded)
The blast of sand hits the gnoll.
The gnoll is severely wounded.
Casting: Sandblast
Confirm with . or Enter, or press ? or * to list all spells.
Aiming: Sandblast
Press: ? - help, Shift-Dir - straight line, f/p - gnoll
Aim: a gnoll, wielding a club (severely wounded)
The blast of sand hits the gnoll.
The gnoll is severely wounded.
The gnoll hits you with a club!
* * * LOW HITPOINT WARNING * * *
b - 67 stones (in hand)
The gnoll hits you with a club.
You die...

#.#.# #.# #.#.# #.#
#.#.# #.# #######.#.#
#g# ..........# #.#
######.#############.#
#.##...g..).....#
#.##.############
#.##@# #.##g# #.##.#
##### #.##.###...#
#####..........#
...#.#.####...#
#######.#.#.# ##.##
..........#.# #g#
##.###.#.#.# #.#


You could see a gnoll.

Vanquished Creatures
  2 adders (D:2)
  2 gnolls (D:2)
  A giant gecko (D:2)
  A giant cockroach (D:1)
  8 goblins
  7 hobgoblins
  5 bats
  7 kobolds
  A rat (D:2)
34 creatures vanquished.

Notes
Turn   | Place    | Note
--------------------------------------------------------------
     0 | D:1      | septik the Gargoyle Earth Elementalist began the quest for the Orb.
     0 | D:1      | Reached XP level 1. HP: 10/10 MP: 3/3
   375 | D:1      | Reached XP level 2. HP: 13/15 MP: 1/5
   541 | D:1      | Learned a level 2 spell: Stoneskin
   731 | D:1      | Reached skill level 4 in Earth Magic
   941 | D:2      | Reached XP level 3. HP: 19/19 MP: 4/7
  1048 | D:2      | Learned a level 3 spell: Stone Arrow
  1741 | D:2      | Reached XP level 4. HP: 12/24 MP: 0/8
  1975 | D:2      | HP: 1/24 [gnoll/club (8)]
  1976 | D:2      | Slain by a gnoll

Action                   |  1- 3 |  4- 6 || total
-------------------------+-------+-------++-------
Melee: Club              |    67 |     5 ||    72
Throw: Stone             |     3 |     1 ||     4
 Cast: Sandblast         |    56 |    14 ||    70
  Eat: Chunk             |     3 |       ||     3
